 Dungeon Crawl Stone Soup version 0.31.0-32-g396128a36d (webtiles) character file.

Game seed: 18095939366252897943

1818 H0rd4k the Martial Artist (level 9, 0/59 HPs)
             Began as an Octopode Artificer on Apr 2, 2024.
             Was an Initiate of Gozag.
             Succumbed to a gnoll sergeant's poison
             ... on level 6 of the Dungeon.
             The game lasted 00:07:44 (5495 turns).

H0rd4k the Martial Artist (Octopode Artificer)      Turns: 5495, Time: 00:07:45

Health: 0/59       AC:  1    Str: 12    XL:     9   Next: 10%
Magic:  2/9        EV: 14    Int: 17    God:    Gozag
Gold:   422        SH:  0    Dex: 18    Spells: 6/8 levels left

rFire   + .          .
                       - Unarmed
rCold   . . .        (no shield)
rNeg    . . .        (helmet restricted)
rPois   .            e - amulet of guardian spirit
rElec   .            v - ring of protection from cold
rCorr   .            w - +6 ring of dexterity
SInv    .            b - ring of fire
Will    .....        (no ring)
Stlth   +++          (no ring)
HPRegen 0.29/turn    (no ring)
MPRegen 0.11/turn    (no ring)
                     (no ring)

%: guardian spirit
@: lethally poisoned (0 -> -22), gold aura
A: almost no armour, amphibious, 8 rings, camouflage 1, gelatinous body 1,
(nimble swimmer 1), tentacles
a: Renounce Religion, Potion Petition, Call Merchant, Bribe Branch


You were on level 6 of the Dungeon.
You worshipped Gozag.
Gozag was aware of your devotion.
You visited 2 branches of the dungeon, and saw 7 of its levels.

You collected 477 gold pieces.
You paid 55 gold pieces to Gozag.

Inventory:

Hand Weapons
 n - a +0 short sword of venom
Missiles
 t - 2 poisoned darts
Armour
 l - an orb of light
Jewellery
 b - a ring of fire (on tentacle)
 e - an amulet of guardian spirit (around mantle)
 v - a ring of protection from cold (left tentacle)
 w - a +6 ring of dexterity (right tentacle)
Scrolls
 a - 6 scrolls of teleportation {unknown}
 d - a scroll of noise {unknown}
 f - a scroll of immolation {unknown}
 g - a scroll of enchant weapon {unknown}
 m - a scroll of butterflies {unknown}
 q - a scroll of brand weapon {unknown}
 r - a scroll of torment {unknown}
 s - 4 scrolls of identify {unknown}
Potions
 h - 2 potions of cancellation {unknown}
 i - a potion of mutation {unknown}
 j - 2 potions of enlightenment {unknown}
 k - 2 potions of brilliance {unknown}
 o - a potion of curing
 p - a potion of ambrosia {unknown}
 u - a potion of invisibility {unknown}
 x - a potion of attraction {unknown}


   Skills:
 + Level 4.7 Fighting
 - Level 2.3 Dodging
 - Level 1.3 Stealth
 + Level 10.4 Unarmed Combat
 - Level 3.2 Evocations


You had 6 spell levels left.
You knew the following spells:

 Your Spells              Type           Power      Damage    Failure   Level
a - Blink                 Tloc           0%         N/A       34%         2

Your spell library contained the following spells:

 Spells                   Type           Power      Damage    Failure   Level
 Magic Dart               Conj           0%         1d3       24%         1
 Call Imp                 Summ           0%         N/A       34%         2
 Ensorcelled Hibernation  Hex/Ice        0%         N/A       34%         2
 Jinxbite                 Hex            0%         N/A       34%         2
 Passwall                 Erth           0%         N/A       56%         3
 Swiftness                Air            0%         N/A       56%         3
 Yara's Violent Unravell  Hex/Alch       0%         3d3       100%        5
 Enfeeble                 Hex            0%         N/A       100%        7
 Haunt                    Necr/Summ      0%         N/A       100%        7
 Infestation              Necr           0%         N/A       100%        8
 Animate Dead             Necr           Unusable   N/A       N/A         4

Dungeon Overview and Level Annotations

Branches:
Dungeon (6/15)             Temple (1/1) D:4

Altars:
Ashenzari
Cheibriados
Dithmenos
Gozag
Hepliaklqana
Kikubaaqudgha
Nemelex Xobeh
Okawaru
Qazlal
Vehumet
Xom
Yredelemnul

Shops:
D:4 :   D:6 *

Annotations:
D:3 1 runed translucent door, exclusions: door and downstairs, Crazy Yiuf
D:5 Blork the orc, Dowan, Duvessa


Innate Abilities, Weirdness & Mutations

You cannot wear most types of armour.
You are amphibious.
You can wear up to eight rings at the same time.
Your skin changes colour to match your surroundings (Stealth+).
Your rubbery body absorbs attacks. (AC +1, EV +1)
((You are camouflaged when in or above water. (Stealth+)))
You have tentacles for arms and can constrict up to eight enemies at once.


Message History

* * * LOW HITPOINT WARNING * * *
Aiming: Charm
Press: ? - help, Shift-Dir - straight line, f/p - ice beast
Aim: an ice beast (chance to affect: 57%)
The ice beast is charmed.
The gnoll sergeant shouts!
Unknown command.
What are your orders? t - Shout!
Orders for allies: a - Attack new target. p - Attack previous target. r - Retreat! s - Stop attacking. g - Guard the area. f - Follow me.
Anything else - Cancel.
Guard this area!
Your ice beast hits something.
Your ice beast freezes something.
Something hits your ice beast but does no damage.
Your ice beast barely misses something.
Your ice beast barely misses something.
Something hits your ice beast!
Your ice beast hits something.
Your ice beast freezes something!
You feel a bit more experienced.
The gnoll sergeant attacks as it pursues you!
The gnoll sergeant hits you from afar with a +0 trident of venom!
* * * LOW HITPOINT WARNING * * *
You are poisoned.
Aiming: Charm
Press: ? - help, Shift-Dir - straight line, f - gnoll sergeant, p - ice beast
Aim: a gnoll sergeant, wielding a +0 trident of venom and wearing a +0 ring mail (ally target, chance to affect: 57%)
The gnoll sergeant resists with significant effort.
You feel sick.
The gnoll sergeant hits you from afar with a +0 trident of venom!
* * * LOW HITPOINT WARNING * * *
You are more poisoned.
Your ice beast hits the gnoll sergeant but does no damage.
Aiming: Charm
Press: ? - help, Shift-Dir - straight line, f/p - gnoll sergeant
Aim: a gnoll sergeant, wielding a +0 trident of venom and wearing a +0 ring mail (ally target, chance to affect: 57%)
The gnoll sergeant resists with significant effort.
The now-empty wand crumbles to dust.
You die...
Your body crumbles into a pile of gold.

#.# #.# #..# #...... ##.#
#.#########..#########......
...#
#.##................##......
####
#.##.######..######.###..###
#.##.######..# #.......# #
#............# #.<###.##
####.######.## #..# #.# #.#
#.# #..# #.# #Y# #@# #..#
#.. #.# #.######..##### #.#
#g##........ #.#
#.Y......... #.#
####Y####.## #.# #.# .#
###### #.# #)# .## .....#
#.# #.# .. ####.####.# #.#
.####.#


You could see a gnoll sergeant (ally target) and a friendly ice beast (charmed).

Vanquished Creatures
  Menkaure (D:4)
  2 ogres
  2 black bears
  2 centaurs
  2 phantoms
  2 scorpions
  3 wights (D:6)
  A howler monkey (D:6)
  A jelly (D:5)
  3 hounds
  An orc priest (D:6)
  Jessica (D:3)
  8 iguanas
  An orc wizard (D:6)
  Robin (D:3)
  A gnoll (D:1)
  5 adders
  A dart slug (D:2)
  A ribbon worm (D:2)
  3 orcs
  3 bats
  6 endoplasms
  A giant cockroach (D:2)
  16 goblins
  9 hobgoblins
  4 jackals
  5 quokkas
  8 ball pythons
  3 frilled lizards
  7 kobolds
  4 rats
108 creatures vanquished.

Vanquished Creatures (collateral kills)
  A kobold brigand (D:6)
  A scorpion (D:5)
  A hound (D:6)
  A gnoll (D:6)
  An endoplasm (D:2)
5 creatures vanquished.

Vanquished Creatures (others)
  A kobold brigand (D:6)
  A goblin (D:4)
  A jackal (D:2)
3 creatures vanquished.

Grand Total: 116 creatures vanquished

Notes
Turn   | Place    | Note
-------+----------+-------------------------------------------
     0 | D:1      | H0rd4k the Octopode Artificer began the quest for the Orb.
     0 | D:1      | Reached XP level 1. HP: 13/13 MP: 1/1
   171 | D:1      | Reached skill level 1 in Unarmed Combat
   175 | D:1      | Reached XP level 2. HP: 11/18 MP: 2/2
   369 | D:1      | Reached skill level 2 in Unarmed Combat
   384 | D:1      | Reached XP level 3. HP: 22/23 MP: 3/3
  1220 | D:2      | HP: 1/24 [jackal (3)]
  1409 | D:2      | Reached skill level 3 in Unarmed Combat
  1409 | D:2      | Reached XP level 4. HP: 25/29 MP: 4/4
  1984 | D:3      | Found a runed translucent door.
  1985 | D:3      | Noticed Crazy Yiuf
  2193 | D:3      | Reached XP level 5. HP: 34/34 MP: 5/5
  2360 | D:3      | Found a broken altar of Ashenzari.
  2381 | D:3      | Noticed Robin
  2413 | D:3      | Reached skill level 4 in Unarmed Combat
  2466 | D:3      | Killed Robin
  2533 | D:3      | Noticed Jessica
  2539 | D:3      | Killed Jessica
  2873 | D:4      | Noticed a phantom
  3021 | D:4      | Noticed an ogre
  3028 | D:4      | Killed an ogre
  3029 | D:4      | Reached skill level 5 in Unarmed Combat
  3029 | D:4      | Reached XP level 6. HP: 41/41 MP: 6/6
  3148 | D:4      | Found Voucer's Vocational Training.
  3160 | D:4      | Reached skill level 6 in Unarmed Combat
  3160 | D:4      | Reached XP level 7. HP: 41/46 MP: 7/7
  3365 | D:4      | Found a staircase to the Ecumenical Temple.
  3382 | Temple   | Entered the Ecumenical Temple
  3449 | Temple   | Became a worshipper of Gozag Ym Sagoz the Greedy
  3470 | D:4      | Noticed Menkaure
  3642 | D:4      | Killed Menkaure
  3698 | D:4      | Reached skill level 7 in Unarmed Combat
  4046 | D:5      | Entered Level 5 of the Dungeon
  4227 | D:5      | Found a basalt altar of Yredelemnul.
  4378 | D:5      | Noticed Duvessa
  4378 | D:5      | Noticed Dowan
  4397 | D:5      | Reached XP level 8. HP: 54/54 MP: 8/8
  4463 | D:5      | Reached skill level 8 in Unarmed Combat
  4590 | D:5      | Noticed Blork the orc
  4741 | D:6      | Noticed a wyvern
  4745 | D:6      | Found Qytaim's General Store.
  4756 | D:6      | Reached skill level 9 in Unarmed Combat
  4817 | D:6      | HP: 1/51 [wight/+1 hand axe of freezing (2)]
  5295 | D:6      | Found the +7 Throatcutter {drain, coup de grace}
  5295 | D:6      | Noticed a kobold demonologist
  5399 | D:6      | Learned a level 2 spell: Blink
  5416 | D:6      | Reached skill level 10 in Unarmed Combat
  5416 | D:6      | Reached XP level 9. HP: 46/59 MP: 5/9
  5495 | D:6      | Succumbed to a gnoll sergeant's poison

Illustrated notes

Levels and vault maps discovered:
D:1:      dpeg_arrival_concentric_ovals, layout_basic, roderic_lattice_a,
          chequers_avenue, minmay_misc_feat_iff
D:2:      layout_rooms
D:3:      layout_loops_ring, nicolae_ashenzari_panopticon,
          uniq_crazy_yiuf_cottage, uniq_robin, uniq_jessica
D:4:      layout_loops_ring, minmay_temple_entry_sparse_star,
          nicolae_shop_vocational, uniq_menkaure
D:5:      layout_basic, mainiacjoe_overflow_surrounded_room, uniq_blork_the_orc,
          uniq_duvessa
D:6:      layout_loops_ring, serial_shops, shop, dilly_guarded_unrand_throatcut
Temple:   hellmonk_temple_rainy

Skill      XL: |  1  2  3  4  5  6  7  8 |
---------------+-------------------------+-----
Unarmed Combat | 1 2 3 5 6 7 10 | 10.4
Fighting       | 2 3 4 |  4.7
Dodging        | |  2.3
Stealth        | |  1.3
Evocations     | |  3.2

Action                     |  1- 3 |  4- 6 |  7- 9 || total
---------------------------+-------+-------+-------++-------
  Melee: Unarmed           |    90 |    71 |   100 ||   261
         Constrict         |    27 |    17 |    23 ||    67
         Tentacles         |    23 |    17 |    28 ||    68
         Punch             |     2 |     4 |     5 ||    11
  Evoke: Wand              |     1 |    11 |    23 ||    35
    Use: Potion            |     2 |       |       ||     2
   Stab: Sleeping          |    11 |     6 |     9 ||    26
         Distracted        |     1 |     1 |     1 ||     3
 Armour: Skin              |    42 |    33 |    57 ||   132
  Dodge: Dodged            |    53 |    34 |    63 ||   150
